 Dungeon Crawl Stone Soup version 0.24.0-2-g5b39cebb1c (webtiles) character file.

Game seed: 4887286189244684870, levelgen mode: deterministic

27 ventricule the Sneak (level 2, -5/16 HPs)
             Began as a Deep Elf Assassin on Oct 30, 2019.
             Slain by a bullfrog zombie (7 damage)
             ... on level 2 of the Dungeon.
             The game lasted 00:01:43 (1169 turns).

ventricule the Sneak (Deep Elf Assassin)            Turns: 1169, Time: 00:01:43

Health: -5/16      AC:  3    Str:  8    XL:     2   Next: 93%
Magic:  4/4        EV: 13    Int: 15    God:
Gold:   46         SH:  0    Dex: 19    Spells: 1/1 levels left

rFire    . . .     SeeInvis .   a - +3 dagger
rCold    . . .     Gourm    .   (no shield)
rNeg     . . .     Faith    .   b - +0 robe
rPois    .         Spirit   .   (no helmet)
rElec    .         Reflect  .   c - +0 cloak
rCorr    .         Harm     .   k - -1 pair of gloves
MR       .....                  (no boots)
Stlth    +++.......             (no amulet)
HPRegen  0.05/turn              g - +3 ring of dexterity
MPRegen  0.09/turn              (no ring)

@: flying
A: no striking features
a: no special abilities


You were on level 2 of the Dungeon.
You were hungry.

You visited 1 branch of the dungeon, and saw 2 of its levels.

You collected 46 gold pieces.

Inventory:

Hand Weapons
 a - a +3 dagger (weapon)
 i - a +2 spear of pain
Missiles
 d - 8 poisoned darts
 f - 2 curare-tipped darts
 Q - 5 stones (quivered)
Armour
 b - a +0 robe (worn)
 c - a +0 cloak (worn)
 k - a -1 pair of gloves (worn)
Jewellery
 g - a +3 ring of dexterity (left hand)
Scrolls
 h - a scroll of amnesia {unknown}
 l - a scroll of remove curse
 m - a scroll of teleportation {unknown}
 o - a scroll of noise {unknown}
Comestibles
 e - 4 rations


   Skills:
 - Level 1.5 Fighting
 + Level 2.4 Short Blades
 + Level 2.4 Throwing
 + Level 2.0 Dodging
 + Level 5.2 Stealth


You had one spell level left.
You didn't know any spells.
Your spell library was empty.

Dungeon Overview and Level Annotations

Branches:
Dungeon (2/15)

Altars:


Message History

There is a stone staircase leading up here.
Here: a bullfrog zombie The floor.
It was a potion of flight.
You feel very buoyant.
You fly up into the air.
The bullfrog zombie misses you. The bullfrog zombie barely misses you.
Okay, then.
Unknown command.
As you read the scroll labeled NAS PEIDGHUSI, it crumbles to dust.
You feel as if something is helping you.
It was a scroll of remove curse.
The bullfrog zombie closely misses you.
As you read the scroll labeled ZASULO SUYHA, it crumbles to dust.
It is a scroll of enchant weapon.
Your +2 dagger glows red for a moment.
The bullfrog zombie closely misses you. The kobold barely misses you.
The bullfrog zombie misses you.
You hit the bullfrog zombie. The bullfrog zombie closely misses you.
You barely miss the bullfrog zombie. The bullfrog zombie hits you!
You die...

... #.#
#..####.###.###
#..............
#!#.. #.#
#.....###.######
#...)........#
#.$###Z#.###.# #
#@###.# #....##
#.. ##.## ##. ..
# #.. #. #


You could see a bullfrog zombie.

Levels and vault maps discovered:
D:1:      lemuel_arrival_broad_hall, layout_basic, wad_floor_pattern_2,
          hex_medium, dk_noncrumbling_4
D:2:      layout_loops_ring, chequers_ecumenical_altar_simple_redux

Notes
Turn   | Place    | Note
-------+----------+-------------------------------------------
     0 | D:1      | ventricule the Deep Elf Assassin began the quest for the
                  | Orb.
     0 | D:1      | Reached XP level 1. HP: 12/12 MP: 3/3
   150 | D:1      | Identified a ring of dexterity (You found it on level 1 of
                  | the Dungeon)
   203 | D:1      | Reached skill level 5 in Stealth
   222 | D:1      | Reached XP level 2. HP: 15/16 MP: 4/4
   489 | D:1      | Identified a +0 short sword
   570 | D:1      | Identified a +0 club
   574 | D:1      | Identified a +0 club
   582 | D:1      | Identified a +0 club
   828 | D:1      | Identified a +0 club
   836 | D:1      | Reached skill level 2 in Dodging
  1099 | D:1      | Identified a cursed -1 pair of gloves (You found it on
                  | level 1 of the Dungeon)
  1151 | D:2      | Identified a +0 dagger
  1161 | D:2      | HP: 2/16 [bullfrog zombie (7)]
  1164 | D:2      | Identified a potion of flight
  1165 | D:2      | Identified 2 scrolls of remove curse
  1166 | D:2      | Identified a scroll of enchant weapon
  1169 | D:2      | Slain by a bullfrog zombie

Table legend:
 A = Turns spent in this place as a percentage of turns spent in the entire game.
 B = Non-inter-level travel turns spent in this place as a percentage of non-inter-level travel turns spent in the entire game.
 C = Inter-level travel turns spent in this place as a percentage of turns spent in this place.
 D = Turns resting spent in this place as a percentage of non-inter-level travel turns spent in this place.
 E = Turns spent auto-exploring this place as a percentage of non-inter-level travel turns spent in this place.
 F = Non-inter-level travel turns spent in this place divided by the number of levels of this place that you've seen.
                   A       B       C       D       E      F
               +-------+-------+-------+-------+-------+----------------------
         Total | 100.0 | 100.0 |   4.4 |  37.8 |  47.0 | 559.0
       Dungeon | 100.0 | 100.0 |   4.4 |  37.8 |  47.0 | 559.0
               +-------+-------+-------+-------+-------+----------------------

Table legend:
 A = Kills in this place as a percentage of kills in entire the game.
 B = Kills by you in this place as a percentage of kills by you in the entire game.
 C = Kills by friends in this place as a percentage of kills by friends in the entire game.
 D = Other kills in this place as a percentage of other kills in the entire game.
 E = Experience gained in this place as a percentage of experience gained in the entire game.
 F = Experience gained in this place divided by the number of levels of this place that you have seen.
                   A       B       C       D       E      F
               +-------+-------+-------+-------+-------+----------------------
         Total | 100.0 | 100.0 |   N/A |   N/A | 100.0 |  19.5
       Dungeon | 100.0 | 100.0 |   N/A |   N/A | 100.0 |  19.5
               +-------+-------+-------+-------+-------+----------------------

Skill      XL: |  1  2 |
---------------+-------+-----
Stealth        | 5 |  5.2
Dodging        | 2 |  2.0
Fighting       | |  1.5
Short Blades   | |  2.4
Throwing       | |  2.4

Action                   || total
-------------------------++-------
Melee: Dagger            ||    73
  Use: Scroll            ||     2
       Potion            ||     1
 Stab: Sleeping          ||     5
Armor: Robe              ||    23
Dodge: Dodged            ||    54

Vanquished Creatures
  An ooze (D:1)
  2 bats (D:1)
  3 giant cockroaches (D:1)
  3 goblins
  2 hobgoblins (D:1)
  2 jackals (D:1)
  A quokka (D:2)
  2 ball pythons (D:1)
  A frilled lizard (D:1)
  2 kobolds (D:1)
  A rat (D:1)
20 creatures vanquished.
